 Dungeon Crawl Stone Soup version 0.22.1-2-g9c5b331 (webtiles) character file.

39 lysyklops the Insei (level 3, -1/29 HPs)
             Began as a Draconian Transmuter on Dec 17, 2018.
             Slain by a scorpion (2 damage)
             ... on level 1 of the Dungeon.
             The game lasted 00:02:15 (1384 turns).

lysyklops the Insei (Draconian Transmuter)          Turns: 1384, Time: 00:02:16

Health: -1/29      AC:  6    Str: 12    XL:     3   Next: 26%
Magic:  6/6        EV: 12    Int: 13    God:
Gold:   27         SH:  0    Dex: 12    Spells: 5/6 levels left

rFire    . . .     SeeInvis .     - Unarmed
rCold    . . .     Gourm    .   (no shield)
rNeg     . . .     Faith    .   (armour unavailable)
rPois    .         Spirit   .   (helmet restricted)
rElec    .         Reflect  .   (no cloak)
rCorr    .         Harm     .   b - +0 pair of gloves (curse)
MR       .....                  (no boots)
Stlth    +.........             (no amulet)
HPRegen  0.09/turn              (no ring)
MPRegen  0.10/turn              (no ring)

@: lethally poisoned (-1 -> -16), appendage (expiring)
A: unfitting armour, horns 2, cold-blooded, AC +5
a: End Transformation


You were on level 1 of the Dungeon.
You were hungry.
You had grown temporary horns.
You visited 1 branch of the dungeon, and saw 2 of its levels.

You collected 27 gold pieces.

Inventory:

Missiles
 a - 12 arrows
Armour
 b - a cursed +0 pair of gloves (worn)
Jewellery
 g - an uncursed ring of magical power {unknown}
 h - a cursed -3 ring of evasion {unknown}
Scrolls
 e - a scroll of fear {unknown}
 i - a scroll of enchant armour {unknown}
 k - a scroll of identify {unknown}
Potions
 d - 2 potions of curing {unknown}
 f - a potion of heal wounds {unknown}
 j - a potion of mutation {unknown}
 l - a potion of cancellation {unknown}
Comestibles
 c - 4 rations


   Skills:
 + Level 1.7 Fighting
 + Level 2.2 Dodging
 + Level 3.3 Unarmed Combat
 + Level 2.3 Spellcasting
 + Level 2.4 Transmutations


You had 5 spell levels left.
You knew the following spells:

 Your Spells              Type           Power        Failure   Level  Hunger
a - Beastly Appendage     Tmut           #.....       10%         1    #......

Your spell library contained the following spells:

 Spells                   Type           Power        Failure   Level  Hunger
 Sticks to Snakes         Tmut           #.......     14%         2    ###....
 Spider Form              Tmut/Pois      #.........   41%         3    ###....
 Ice Form                 Ice/Tmut       #.......     83%         4    #####..
 Blade Hands              Tmut           #.........   95%         5    ######.


Dungeon Overview and Level Annotations

Branches:
Dungeon (2/15)

Altars:


Innate Abilities, Weirdness & Mutations

Your plain brown scales are hard. (AC +5)
You cannot fit into any form of body armour.
You are cold-blooded and may be slowed by cold attacks.
You have a pair of horns on your head.


Message History

You feel sick. The scorpion stings you!
* * * LOW HITPOINT WARNING * * *
You are more poisoned.
The scorpion poisons you! The hobgoblin barely misses you.
You barely miss the hobgoblin. You headbutt the hobgoblin.
You kill the hobgoblin!
* * * LOW HITPOINT WARNING * * *
You feel sick. The scorpion barely misses you.
* * * LOW HITPOINT WARNING * * *
You feel sick.
Things that are here:
a club; a hobgoblin corpse
* * * LOW HITPOINT WARNING * * *
You feel sick.
You hit the scorpion.
The scorpion is lightly wounded.
Your transformation is almost over.
* * * LOW HITPOINT WARNING * * *
You feel sick. The scorpion stings you.
You die...

#.# ##.###.##.# #...# #.#
#.# #.#..# ##.### #.#
#.###...## #..# #.#
#..##..## #.## #.#
##......## #.# #.#
##..#...###.# #.#
#.###...##.# #.# #######.#
#....#(# ##.###.>s@...#
###..(.#
#..##..#########....>#####
#.###.## #....##......#
#.###.# ##.....).####.#
#.#...# #..........##..
#.#.########.#......#..#..
#.#.................##....
#....####..###).....#....#
###...#####.##
#......#.####


You could see a scorpion.

Vanquished Creatures
  A worm (D:2)
  A dart slug (D:1)
  3 leopard geckos
  2 bats
  8 goblins
  3 hobgoblins
  2 frilled lizards (D:1)
  5 kobolds (D:1)
  3 rats (D:1)
28 creatures vanquished.

Notes
Turn   | Place    | Note
-------+----------+-------------------------------------------
     0 | D:1      | lysyklops the Draconian Transmuter began the quest for the
                  | Orb.
     0 | D:1      | Reached XP level 1. HP: 16/16 MP: 3/3
   124 | D:1      | Reached XP level 2. HP: 10/23 MP: 5/5
   727 | D:2      | Reached XP level 3. HP: 5/29 MP: 6/6
  1347 | D:2      | Noticed a scorpion
  1383 | D:1      | HP: 1/29 [poisoned by a scorpion]
  1384 | D:1      | Slain by a scorpion

Skill      XL: |  1 |
---------------+----+-----
Dodging        | 2 |  2.2
Fighting       | |  1.7
Unarmed Combat | |  3.3
Spellcasting   | |  2.3
Transmutations | |  2.4

Action                   || total
-------------------------++-------
Melee: Unarmed           ||    89
       Kick              ||     6
       Headbutt          ||     4
       Tailslap          ||     3
       Punch             ||     1
 Cast: Beastly Appendage ||    10
  Eat: Chunk             ||     1
Armor: Skin              ||    24
Dodge: Dodged            ||    52
